AoeStats
← marek.j.heinzer

Arabia

505860085Analyzed
1v1 RM · 22d ago on Sep 11, 2026· 27m 25s· 2 players
Game mode
Random Map
Map size
Tiny (2 player)
Population
200
Speed
Normal
Resources
Standard
Victory
Conquest
Starting age
Dark Age
Ending age
Imperial Age
RankedLock teamsTeams togetherTeam positionsShared explorationLock speedFull tech treeHidden civsTurbo modeCheats
Victory
Defeat
🇨🇿 Portuguese · Czechia
921
+15
🇨🇭 Bohemians · Switzerland
905
-42
marek.j.heinzer
8:22 Loom
10:48 Feudal Age
12:26 Man-at-Arms
15:49 Fletching
20:15 Castle Age
25:30 Forging
25:58 Double-Bit Axe
MILOS DJUKIC
9:17 Feudal Age
7:33 Loom
10:19 Double-Bit Axe
23:31 Castle Age
Connection lost

Rejoining the realm…

Still unreachable

The connection could not be restored.

Session expired

The server has moved on; the page needs a fresh start.